Unix NetHack Version 3.7.0-101 Work-in-progress - last build Apr 1 2024 01:38:13 (a918b33ba548942b39fbf317ac6a96664004a8da,branch:master). Game began 2024-04-01 08:50:23, ended 2024-04-01 08:57:12. elenmirie, neutral female gnomish Archeologist ---------- |........- |F_......| ------ ----- |........| #######..{..| |...| |...._...| ################## |....| #-...| |......_.|## ---------.--- #......# #|...| -h--|-----# |...........| #####|....|# #----- @##f###### #...>........|## ------# # ## #|............# ## ### # ##------------- # # # ##### # # --|----# # # |....>|# # ------- # |......# ##......|## |..#..| |.....|# |.....| |.<...|# |...... ##-.....|# ------- |......# ------- Elenmirie the Digger St:16 Dx:9 Co:13 In:14 Wi:13 Ch:9 Neutral Dlvl:2 $:27 HP:0(19) Pw:12(12) AC:7 Xp:2/31 T:918 Burdened Latest messages: The door opens. $ - 10 gold pieces (27 in total). You see here a scroll labeled LEP GEX VEN ZEA. y - a scroll labeled LEP GEX VEN ZEA. You see no objects here. Pick an object. Ouch! You bump into a door. This door is locked. This door is locked. This door is locked. This door is locked. This door is locked. This door is locked. In what direction? l Thwack!! In what direction? l Thwack!! In what direction? l As you kick the door, it crashes open! You swap places with Coco. You swap places with Coco. The door opens. You swap places with Coco. You hear a door open. You miss the newt. You kill the newt! You see here a newt corpse. There is a newt corpse here; eat it? [ynq] (n) y This newt corpse is stringy. You finish eating the newt corpse. You feel a mild buzz. You descend the stairs. You climb up the stairs. You descend the stairs. You see here a studded leather armor. You have a little trouble lifting z - a studded leather armor. Your movements are slowed slightly because of your load. You climb up the stairs. The door opens. You swap places with Coco. The hobbit thrusts his dagger. The hobbit hits! The hobbit thrusts his dagger. The hobbit hits! You die... Do you want your possessions identified? [ynq] (y) y Do you want to see your attributes? [ynq] (y) y Do you want an account of creatures vanquished? [ynaq] (y) y Do you want to see your conduct and achievements? [ynq] (y) y Do you want to see the dungeon overview? [ynq] (y) y Inventory: Coins $ - 27 gold pieces Weapons j - 7 blessed +3 darts m - 26 uncursed +1 darts l - an uncursed poisoned +0 dart x - a cursed +0 dagger a - an uncursed +2 bullwhip (weapon in right hand) Armor c - an uncursed +0 fedora (being worn) u - an uncursed +1 pair of speed boots (being worn) b - an uncursed +0 leather jacket (being worn) z - an uncursed +0 studded leather armor Comestibles s - an uncursed ancient fruitcake p - an uncursed cram ration d - 6 uncursed food rations n - a cursed food ration k - a cursed fortune cookie Scrolls y - a blessed scroll of food detection Tools w - an uncursed sack containing 4 items o - an uncursed can of grease (0:11) i - an uncursed oil lamp t - an uncursed tinning kit (0:84) Gems/Stones g - an uncursed touchstone Contents of the sack: a blessed potion of healing a blessed potion of restore ability an uncursed potion of water an uncursed +0 pick-axe Elenmirie the Archeologist's attributes: Background: You were a Digger, a level 2 female gnomish Archeologist. You were neutral, on a mission for Camaxtli who was opposed by Quetzalcoatl (lawful) and Huhetotl (chaotic). You were right-handed. You were in the Dungeons of Doom, on level 2. You entered the dungeon 918 turns ago. You had 31 experience points, 9 more were needed to attain level 3. Basics: You had 0 out of 19 hit points. You had all 12 energy points (spell power). Your armor class was 7. Your wallet contained 27 zorkmids. Autopickup was on for '$' plus thrown. Final Characteristics: Your strength was 16 (peak:17, limit:18/50). Your dexterity was 9 (limit:18). Your constitution was 13 (limit:18). Your intelligence was 14 (limit:19). Your wisdom was 13 (limit:18). Your charisma was 9 (limit:18). Final Status: You weren't hungry. You were burdened; movement was slightly slowed. You were wielding a whip. You had basic skill with whip. Final Attributes: You were fervently aligned. You had automatic searching. You had infravision. You were very fast. You are dead. Miscellaneous: You never encountered a bones level. Total elapsed playing time was 6 minutes and 49 seconds. Major events: Turn 1: elenmirie the neutral female gnomish Archeologist entered the dungeon 897: entered the Gnomish Mines 918: killed by a hobbit Vanquished creatures: a hobbit a gecko a jackal a fox 2 kobolds a goblin a sewer rat 3 grid bugs a lichen a kobold zombie 4 newts 17 creatures vanquished. No species were genocided or became extinct. Voluntary challenges: You were illiterate. You never engraved Elbereth. You never genocided any monsters. You never polymorphed an object. You never changed form. You used no wishes. Achievements: You entered a shop. You entered the Gnomish Mines. The Dungeons of Doom: levels 1 to 3 Level 1: A fountain, a sink. Level 2: <- You were here. Many altars, a fountain. Stairs down to The Gnomish Mines. Final resting place for you, killed by a hobbit. Level 3: The Gnomish Mines: Level 3: Game over: ---------- / \ / REST \ / IN \ / PEACE \ / \ | elenmirie | | 27 Au | | killed by a | | hobbit | | | | | | 2024 | *| * * * | * _________)/\\_//(\/(/\)/\//\/|_)_______ Goodbye elenmirie the Archeologist... You died in The Dungeons of Doom on dungeon level 2 with 249 points, and 27 pieces of gold, after 918 moves. You were level 2 with a maximum of 19 hit points when you died.